 Dungeon Sprint DCSS version 0.26-a0-1079-g3a4175ecf3 (webtiles) character file.

Game seed: 2533547549550143057

13497 Adamkad1 the Fencer (level 12, -12/105 HPs)
             Began as a Formicid Fighter on Dec 14, 2020.
             Was the Champion of Wu Jian.
             Killed from afar by a hellion (37 damage)
             ... with damnation
             ... in the Dungeon (Sprint V: "Ziggurat Sprint").
             The game lasted 00:05:45 (642 turns).

Adamkad1 the Fencer (Formicid Fighter)               Turns: 642, Time: 00:05:46

Health: -12/105    AC: 29    Str: 39    XL:     12   Next: 33%
Magic:  18/19      EV:  6    Int:  9    God:    Wu Jian [******]
Gold:   0          SH: 33    Dex: 10    Spells: 18/20 levels left

rFire    + . .     SeeInvis +   B - +7 Screaming Sword {vorpal, sonic wave}
rCold    + . .     Faith    .   C - +18 shield of the Gong {rElec rN+ Will+ EV-5}
rNeg     + . .     Spirit   .   D - +5 gold dragon scales
rPois    +         Reflect  .   (helmet unavailable)
rElec    +         Harm     .   L - +2 cloak {rPois}
rCorr    .         Rampage  .   (no gloves)
Will     ++...                  H - +0 pair of boots {Stlth+}
Stlth    ..........             I - amulet "Aptet" {Acrobat Str+2}
HPRegen  0.27/turn              z - +6 ring of strength
MPRegen  0.16/turn              A - +6 ring of strength

@: exhausted, studying 3 skills
A: permanent stasis, dig shafts and tunnels, four strong arms, antennae 3
a: Dig, Wall Jump, Serpent's Lash, Heavenly Storm, Renounce Religion


You were in the Dungeon.
You worshipped Wu Jian.
Wu Jian was exalted by your worship.
You visited 1 branch

Inventory:

Hand Weapons
 a - a +0 long sword
 B - the +7 Screaming Sword (weapon) {vorpal, sonic wave}
   (You found it in the Dungeon)

   It inflicts extra damage upon your enemies.
Armour
 C - the +18 shield of the Gong (worn) {rElec rN+ Will+ EV-5}
   (You found it in the Dungeon)

   It affects your evasion (-5).
   It insulates you from electricity.
   It protects you from negative energy.
   It affects your willpower, your defense against some magical effects.
 D - +5 gold dragon scales (worn)
 H - a +0 pair of boots of stealth (worn)
 L - a +2 cloak of poison resistance (worn)
Jewellery
 c - a +4 ring of protection
 k - an uncursed ring of poison resistance
 u - an uncursed ring of flight
 v - a +6 ring of dexterity
 w - a +6 ring of dexterity
 x - a +6 ring of intelligence
 y - a +6 ring of intelligence
 z - a +6 ring of strength (left hand)
 A - a +6 ring of strength (right hand)
 E - the ring "Decvov" {rPois rC+ Str-5 SInv}
   (You found it in the Dungeon)

   [ring of protection from cold]

   It affects your strength (-5).
   It protects you from cold.
   It protects you from poison.
   It lets you see invisible.
 I - the amulet "Aptet" (around neck) {Acrobat Str+2}
   (You found it in the Dungeon)

   [amulet of the acrobat]

   It helps you evade while moving and waiting.
   It affects your strength (+2).
Wands
 r - a wand of disintegration (7)
 s - a wand of iceblast (7)
 t - a wand of acid (7)
Scrolls
 l - 4 scrolls of amnesia
 m - 7 scrolls of fog
 n - 2 scrolls of holy word
 o - 5 scrolls of identify
 p - 5 scrolls of remove curse
 q - 2 scrolls of fear
 F - 4 scrolls of enchant weapon
 K - a scroll of brand weapon
Potions
 d - 6 potions of might
 e - 9 potions of curing
 f - 6 potions of heal wounds
 g - 7 potions of magic
 h - 2 potions of brilliance
 i - 2 potions of invisibility
 j - 4 potions of resistance
Books
 b - a manual of Air Magic
 G - a manual of Slings
 J - a manual of Polearms


   Skills:
 + Level 13.0 Fighting
 * Level 17.6 Long Blades
 + Level 12.8 Armour
 + Level 10.0 Dodging
 + Level 13.9 Shields
 + Level 4.8 Spellcasting
 + Level 5.4 Transmutations


You had 18 spell levels left.
You knew the following spells:

 Your Spells              Type           Power        Failure   Level
a - Wereblood             Tmut           ##......     38%         2

Your spell library contained the following spells:

 Spells                   Type           Power        Failure   Level
 Beastly Appendage        Tmut           ##....       26%         1
 Spider Form              Tmut/Pois      #.........   94%         3
 Shock                    Conj/Air       #...         95%         1
 Summon Small Mammal      Summ           #...         95%         1
 Call Imp                 Summ           #.......     98%         2
 Call Canine Familiar     Summ           #.......     100%        3
 Dazzling Flash           Conj/Hex       #.....       100%        3
 Stone Arrow              Conj/Erth      #.....       100%        3
 Summon Guardian Golem    Hex/Summ       #.......     100%        3
 Dispel Undead            Necr           #.......     100%        4
 Ice Form                 Ice/Tmut       #.......     100%        4
 Summon Ice Beast         Ice/Summ       #.......     100%        4
 Summon Lightning Spire   Summ/Air       #.......     100%        4
 Blade Hands              Tmut           ##........   100%        5
 Lightning Bolt           Conj/Air       #.........   100%        5
 Silence                  Hex/Air        #.........   100%        5
 Yara's Violent Unravell  Hex/Tmut       #.........   100%        5
 Hydra Form               Tmut           ##........   100%        6
 Iron Shot                Conj/Erth      #.........   100%        6
 Simulacrum               Ice/Necr       #.........   100%        6
 Malign Gateway           Summ/Tloc      #.........   100%        7
 Monstrous Menagerie      Summ           #.........   100%        7
 Summon Greater Demon     Summ           #.........   100%        7
 Summon Horrible Things   Summ           #.........   100%        8


Dungeon Overview and Level Annotations

Branches:
Dungeon (1/1)

Altars:
Ashenzari
Cheibriados
Dithmenos
Elyvilon
Fedhas
Gozag
Hepliaklqana
Kikubaaqudgha
Makhleb
Nemelex Xobeh
Okawaru
Qazlal
Ru
Sif Muna
Trog
Uskayaw
Vehumet
Wu Jian
Xom
Yredelemnul
Zin
The Shining One
Beogh
Jiyva
Lugonu

Annotations:
D 1 transporter


Innate Abilities, Weirdness & Mutations

You cannot be hasted, slowed, berserked, paralysed or teleported.
You can dig through walls and to a lower floor.
Your four strong arms can wield two-handed weapons with a shield.
You have a pair of large antennae on your head. (SInv)


Message History

PTOANNNG!
You block the hellion's attack.
GONNNNG!
Okay, then.
You feel much better. The hellion gestures at you.
The sphere of damnation explodes!
The damnation engulfs you!
* * * LOW HITPOINT WARNING * * *
The damnation engulfs the hellion.
The hellion completely resists.
You block the reaper's attack.
GONNNNG!
You block the reaper's attack.
PTOANNNG!
You lunge at the reaper.
You completely miss the reaper.
The reaper is moderately wounded.
You spin and attack the hellion.
You hit the hellion but do no damage.
The hellion is moderately wounded.
The hellion gestures at you.
The sphere of damnation explodes!
The damnation engulfs you!!!
You die...

▓......... ▓.▓.....▓.
▓....©....
▓▓▓▓▓▓▓▓▓▓▓▓▓▓▓▓▓▓▓▓▓▓
▓...8©8...▓...8©8...▓.
▓..:![}=[.▓..}))....▓.
▓.."[)))..▓...})....▓.
▓.....2...▓.........▓.
▓..)2@....▓....†....▓.
▓.....2...▓...†.†...▓.
▓.........▓.........▓.
▓..▓...▓..▓.........▓.
▓.........▓.▓.....▓.▓.
▓....©....▓....©....▓▓
▓▓▓▓▓▓▓▓▓▓▓▓▓▓▓▓▓▓▓▓▓


{{{{{{{{ { You could see 2 reapers and a hellion.

Vanquished Creatures
  A mummy priest (D)
  A hydra (D)
  A dancing weapon (D)
  2 hell hogs (D)
  A deep elf knight (D)
  A death drake (shapeshifter) (D)
  3 deep elf magi (D)
  2 wolf spiders (D)
  4 toenail golems (D)
  A gargoyle (D)
  2 cane toads (D)
  2 komodo dragons (D)
  3 yaktaurs (D)
  An efreet (D)
  3 jumping spiders (D)
  2 flying skulls (D)
  2 fire elementals (D)
  A basilisk (D)
  3 water moccasins (D)
  2 hell hounds (D)
  A phantom (D)
  4 bullfrogs (D)
  2 earth elementals (D)
  A scorpion (D)
  A wight (D)
  An iron imp (D)
  An iguana (D)
  6 mummies (D)
  An adder (D)
  3 adder zombies (D)
  A bat skeleton (D)
  2 bat zombies (D)
  A ball python (D)
  A ball python skeleton (D)
  A ball python zombie (D)
  A jackal zombie (D)
  A fire vortex (D)
67 creatures vanquished.

Vanquished Creatures (others)
  A reaper (D)
  A shadow (D)
  A phantom (D)
  2 bat zombies (D)
5 creatures vanquished.

Grand Total: 72 creatures vanquished

Notes
Turn   | Place    | Note
-------+----------+-------------------------------------------
     0 | D        | Adamkad1 the Formicid Fighter began the quest for the Orb.
     0 | D        | Reached XP level 1. HP: 18/18 MP: 1/1
     0 | D        | Found a shimmering blue altar of Sif Muna.
     0 | D        | Found a bloodstained altar of Trog.
     0 | D        | Found a sacrificial altar of Ru.
     0 | D        | Found a stormy altar of Qazlal.
     0 | D        | Found an iron altar of Okawaru.
     1 | D        | Found a sparkling altar of Nemelex Xobeh.
     1 | D        | Found a blossoming altar of Fedhas.
     2 | D        | Found the +6 Majin-Bo {vamp, MP+6 Int+6}
     2 | D        | Found the +9 heavy crossbow "Sniper" {vorpal, Acc+∞ SInv}
     2 | D        | Found the +10 dark maul {vorpal}
     2 | D        | Found the +15 Maxwell's patent armour {-Cast -Tele rElec
                  | Will+ rCorr}
     2 | D        | Found the +18 shield of the Gong {rElec rN+ Will+ EV-5}
     2 | D        | Found the cursed +14 obsidian axe {vorpal, +Fly SInv
                  | *Curse}
     2 | D        | Found the +7 great mace "Firestarter" {inner flame, rF++}
     2 | D        | Found the +6 shillelagh "Devastator" {shatter}
     2 | D        | Found the +11 plutonium sword {*Contam Stlth-}
     2 | D        | Found the +8 lance "Wyrmbane" {slay drac, rPois rF+ rC+
                  | AC+3}
     2 | D        | Found the +9 sword of Zonguldrok {reap}
     2 | D        | Found the cursed +13 scythe of Curses {drain, *Curse}
     2 | D        | Found the +0 sword of Power
     2 | D        | Found the +7 mace of Variability {chain chaos}
     2 | D        | Found the +7 Singing Sword {vorpal, sonic wave}
     2 | D        | Found the +8 storm bow {elec, penet}
     3 | D        | Found a transporter.
     3 | D        | Found an ancient bone altar of Kikubaaqudgha.
     3 | D        | Found a viscous altar of Jiyva.
     3 | D        | Found a corrupted altar of Lugonu.
     3 | D        | Found a hazy altar of Hepliaklqana.
     3 | D        | Found a burning altar of Makhleb.
     3 | D        | Found an opulent altar of Gozag.
     7 | D        | Banished a spatial maelstrom
    87 | D        | Became a worshipper of the Wu Jian Council
   102 | D        | Entered arena 2.
   102 | D        | Noticed a bullfrog
   102 | D        | Noticed an iguana
   102 | D        | Found a transporter.
   108 | D        | Killed a bullfrog
   108 | D        | Killed an iguana
   109 | D        | Reached skill level 5 in Fighting
   109 | D        | Reached skill level 4 in Long Blades
   109 | D        | Reached skill level 5 in Armour
   109 | D        | Reached XP level 2. HP: 28/28 MP: 2/2
   109 | D        | Reached XP level 3. HP: 34/34 MP: 3/3
   109 | D        | Reached XP level 4. HP: 40/40 MP: 4/4
   120 | D        | Reached skill level 11 in Long Blades
   120 | D        | Reached XP level 5. HP: 46/46 MP: 5/5
   122 | D        | Entered arena 3.
   122 | D        | Noticed a yaktaur
   122 | D        | Noticed a yaktaur
   122 | D        | Noticed a yaktaur
   122 | D        | Found a transporter.
   127 | D        | Killed a yaktaur
   127 | D        | Reached * piety under Wu Jian
   128 | D        | Reached XP level 6. HP: 46/53 MP: 6/6
   128 | D        | Reached XP level 7. HP: 52/59 MP: 7/7
   129 | D        | Killed a yaktaur
   130 | D        | Reached skill level 12 in Long Blades
   130 | D        | Killed a yaktaur
   131 | D        | Reached XP level 8. HP: 60/68 MP: 8/8
   166 | D        | Entered arena 4.
   166 | D        | Found a transporter.
   171 | D        | Reached ** piety under Wu Jian
   179 | D        | Got Sif Muna's Catalogue of Cloudy Evil Secrets
   183 | D        | Entered arena 5.
   183 | D        | Found a transporter.
   184 | D        | Reached *** piety under Wu Jian
   185 | D        | Reached skill level 13 in Long Blades
   196 | D        | Entered arena 6.
   196 | D        | Found a transporter.
   197 | D        | Reached **** piety under Wu Jian
   211 | D        | Entered arena 7.
   211 | D        | Noticed a wolf spider
   211 | D        | Noticed a jumping spider
   211 | D        | Noticed a wolf spider
   211 | D        | Noticed a jumping spider
   211 | D        | Noticed a jumping spider
   212 | D        | Found the +10 tower shield of Ignorance {rN+ Int-4}
   212 | D        | Found a transporter.
   213 | D        | Killed a jumping spider
   213 | D        | Reached ***** piety under Wu Jian
   214 | D        | Reached skill level 5 in Dodging
   214 | D        | Reached XP level 9. HP: 75/75 MP: 9/9
   214 | D        | Killed a wolf spider
   214 | D        | Killed a jumping spider
   215 | D        | Reached skill level 14 in Long Blades
   215 | D        | Reached skill level 10 in Shields
   216 | D        | Killed a wolf spider
   216 | D        | Killed a jumping spider
   217 | D        | Reached XP level 10. HP: 85/85 MP: 10/10
   224 | D        | Entered arena 8.
   224 | D        | Noticed a gargoyle
   224 | D        | Noticed a toenail golem
   224 | D        | Noticed a toenail golem
   224 | D        | Noticed a toenail golem
   224 | D        | Noticed a toenail golem
   225 | D        | Found a transporter.
   229 | D        | Killed a gargoyle
   229 | D        | Killed a toenail golem
   230 | D        | Reached skill level 10 in Fighting
   230 | D        | Reached skill level 10 in Armour
   232 | D        | Killed a toenail golem
   232 | D        | Killed a toenail golem
   233 | D        | Reached skill level 15 in Long Blades
   234 | D        | Killed a toenail golem
   248 | D        | Entered arena 9.
   248 | D        | Noticed a +1 scimitar of draining
   248 | D        | Noticed a deep elf mage
   248 | D        | Noticed a deep elf mage
   248 | D        | Noticed a deep elf mage
   248 | D        | Noticed a deep elf knight
   249 | D        | Found a transporter.
   251 | D        | Killed a +1 scimitar of draining
   251 | D        | Reached ****** piety under Wu Jian
   257 | D        | Killed a deep elf mage
   258 | D        | Reached XP level 11. HP: 81/93 MP: 11/11
   258 | D        | Killed a deep elf mage
   259 | D        | Reached skill level 16 in Long Blades
   261 | D        | Killed a deep elf mage
   261 | D        | Killed a deep elf knight
   261 | D        | Noticed a death drake
   261 | D        | a wind drake changed into a death drake
   267 | D        | Killed a death drake
   520 | D        | Got Uloth's Collected Works on Attacks
   522 | D        | Got the Collected Works on Transformation and Conjuration
   530 | D        | Learned a level 2 spell: Wereblood
   533 | D        | Entered arena 10.
   533 | D        | Noticed a hell hog
   533 | D        | Noticed a hell hog
   534 | D        | Found a transporter.
   535 | D        | Reached skill level 1 in Spellcasting
   535 | D        | Reached skill level 1 in Transmutations
   536 | D        | Killed a hell hog
   538 | D        | Killed a hell hog
   546 | D        | Got the ring "Decvov" {rPois rC+ Str-5 SInv}
   552 | D        | Entered arena 11.
   552 | D        | Noticed a mummy priest
   553 | D        | Found a transporter.
   557 | D        | Killed a mummy priest
   558 | D        | Reached skill level 17 in Long Blades
   584 | D        | Entered arena 12.
   584 | D        | Noticed a seven-headed hydra
   586 | D        | Found the +9 staff of Olgreb {rPois∞}
   586 | D        | Found a transporter.
   587 | D        | Reached XP level 12. HP: 101/103 MP: 16/18
   589 | D        | Killed an eight-headed hydra
   590 | D        | Reached skill level 5 in Transmutations
   596 | D        | Got the amulet "Aptet" {Acrobat Str+2}
   634 | D        | Entered arena 13.
   634 | D        | Noticed a reaper
   634 | D        | Noticed a reaper
   635 | D        | Found the +8 orange crystal plate armour {Archmagi, Int+3
                  | Clar}
   635 | D        | Noticed a reaper
   636 | D        | Found a transporter.
   637 | D        | Killed a reaper
   639 | D        | Reached skill level 10 in Dodging
   639 | D        | HP: 4/105 [reaper/+4 scythe of protection (40)]
   642 | D        | Killed from afar by a hellion

Illustrated notes

Levels and vault maps discovered:
D:        sprint_v [room_start, room_1, room_2, room_3, room_4, room_5, room_6,
          room_7, room_8, room_9, room_10, room_11, room_12, room_13, room_14,
          room_15, room_16, room_17, room_18, room_19, room_20, room_21,
          room_22, room_23, room_24, room_25, room_26, room_27]

Skill      XL: |  1  2  3  4  5  6  7  8  9 10 11 12 |
---------------+-------------------------------------+-----
Fighting       | 5 6 7 8 9 11 12 13 | 13.0
Long Blades    | 4 11 12 13 14 15 17 | 17.6
Armour         | 5 6 7 8 9 11 12 | 12.8
Shields        | 6 7 8 9 10 12 13 | 13.9
Dodging        | 2 4 5 6 8 9 10 | 10.0
Spellcasting   | 4 |  4.8
Transmutations | 4 5 |  5.4

Action                   |  1- 3 |  4- 6 |  7- 9 | 10-12 || total
-------------------------+-------+-------+-------+-------++-------
Melee: Double sword      |     6 |     3 |    25 |    52 ||    86
Invok: Lunge             |       |     1 |     4 |     7 ||    12
       Whirlwind         |       |       |     1 |    15 ||    16
       Serpent's Lash    |       |       |       |     3 ||     3
  Use: Potion            |       |     1 |       |     5 ||     6
Armor: Gold dragon scale |     2 |       |     4 |     7 ||    13
Dodge: Dodged            |       |       |       |     2 ||     2
Block: Kite shield       |    14 |     9 |    25 |    42 ||    90
       Rpst.: Double sword |       |       |       |     1 ||     1

Table legend: (Time is in decaauts)
 A = Elapsed time spent in this place.
 B = Non-inter-level travel time spent in this place.
 C = Inter-level travel time spent in this place.
 D = Time resting spent in this place.
 E = Time spent auto-exploring this place.
 F = Levels seen in this place.
 G = Mean time per level.
                   A        B        C        D        E       F      G
               +--------+--------+--------+--------+--------+-----+--------+
         Total |    632 |    632 |      0 |    276 |      0 |   1 |  632.0 |
       Dungeon |    632 |    632 |      0 |    276 |      0 |   1 |  632.0 |
               +--------+--------+--------+--------+--------+-----+--------+

Top non-repeatable levels by time:
       D: 632 daAuts
